 Dungeon Crawl Stone Soup version 0.31-a0-986-g5e6e4ef867 (webtiles) character file.

Game seed: 6817143921623729639

36 sammy202020 the Changeling (level 3, 27/27 HPs)
             Began as a Formicid Shapeshifter on Nov 9, 2023.
             Quit the game on level 1 of the Dungeon.
             The game lasted 00:01:43 (1214 turns).

sammy202020 the Changeling (Formicid Shapeshifter)  Turns: 1214, Time: 00:01:44

Health: 27/27      AC:  2    Str: 18    XL:     3   Next: 57%
Magic:  3/3        EV: 12    Int: 11    God:
Gold:   64         SH:  0    Dex: 13    Spells: 2/2 levels left

rFire   . .          .
                       - Unarmed
rCold   . . .        (no shield)
rNeg    . . .        a - +0 animal skin
rPois   .            (helmet unavailable)
rElec   .            (cloak currently unavailable)
rCorr   .            (gloves currently unavailable)
SInv    +            (boots currently unavailable)
Will    .....        (no amulet)
Stlth   +            (no ring)
HPRegen 0.24/turn    (no ring)
MPRegen 0.08/turn

%: no passive effects
@: beast-form
A: beast (slay +2), permanent stasis, dig shafts and tunnels, antennae 3, four
strong arms
a: Dig, Shaft Self, Begin Untransformation


You were on level 1 of the Dungeon.
You were a hulking beast.
You visited 1 branch of the dungeon, and saw 1 of its levels.

You collected 64 gold pieces.

Inventory:

Armour
 a - a +0 animal skin (worn)
Jewellery
 e - a ring of ice
Talismans
 c - a beast talisman
 d - a flux talisman
Potions
 b - a potion of lignification
 f - a potion of curing {unknown}
 g - a potion of heal wounds {unknown}
 i - a potion of haste {unknown}


   Skills:
 * Level 2.0 Fighting
 + Level 0.8 Armour
 + Level 1.9 Dodging
 * Level 3.4 Unarmed Combat
 * Level 3.6 Shapeshifting


You had 2 spell levels left.
You didn't know any spells.
Your spell library was empty.

Dungeon Overview and Level Annotations

Branches:
Dungeon (1/15)

Altars:

Shops:
D:1 =!


Innate Abilities, Weirdness & Mutations

You are a hulking beast.
Your limbs bulge with bestial killing power. (Slay +2)
You cannot be hasted, slowed, berserked, paralysed or teleported.
You can dig through walls and to a lower floor.
You have a pair of large antennae on your head. (SInv)
Your four strong arms can wield two-handed weapons with a shield.


Message History

There is an open door here.
A giant cockroach comes into view.
A giant cockroach is nearby!
The giant cockroach bites you.
You punch the giant cockroach!
You kill the giant cockroach!
No target in view!
No target in view!
No target in view!
No target in view!
No target in view!
No target in view!
No target in view!
No target in view!
No target in view!
No target in view!
No target in view!
No target in view!
You open the door.
There is an open door here.
You open the door.
There is an open door here.
You open the door. You open the door.
There is an open door here.
i - an orange potion Done exploring.
No target in view!
No target in view!
No target in view!
No target in view!
No target in view!
Done exploring.
Done exploring.
Done exploring.
As you read the scroll labelled YFIURO QIETY, it crumbles to dust.
You feel a strange sense of stasis.
It was a scroll of teleportation.
There is an open door here.
Unknown command.
Are you sure you want to abandon this character and quit the game? (Confirm with "yes".)

#.....∩.#
#.......#
#.......#
#####.......#####
#................
#.#########......
#.# #......
#####'#####
#.)....
#..#h..#.P#
#......
#(.'...'.<#
#....#'
#..#...#..#
#....#∩
####...####
#....##
#P.#...#..#
#......
#..'...'..#
#......
#..#...#..#
#......
####.#.####
#......
#..#.#.#..#
#######


There were no monsters in sight!

Vanquished Creatures
  2 dart slugs (D:1)
  2 ball pythons (D:1)
  4 endoplasms (D:1)
  5 giant cockroaches (D:1)
  4 jackals (D:1)
  3 quokkas (D:1)
  A frilled lizard (D:1)
  3 goblins (D:1)
  A kobold (D:1)
  2 rats (D:1)
27 creatures vanquished.

Notes
Turn   | Place    | Note
-------+----------+-------------------------------------------
     0 | D:1      | sammy202020 the Formicid Shapeshifter began the quest for
                  | the Orb.
     0 | D:1      | Reached XP level 1. HP: 15/15 MP: 1/1
    44 | D:1      | Found Ettyphirph's Jewellery Shoppe.
   105 | D:1      | Reached XP level 2. HP: 18/21 MP: 2/2
   344 | D:1      | Reached XP level 3. HP: 6/27 MP: 3/3
   950 | D:1      | Found Micvurr's Distillery.
  1214 | D:1      | Quit the game

Illustrated notes

Levels and vault maps discovered:
D:1:      dpeg_arrival_prison, layout_basic, serial_shops,
          nicolae_shop_tiny_glass, shop

Skill      XL: |  1  2  3 |
---------------+----------+-----
Fighting       | 2 |  2.0
Armour         | |  0.8
Dodging        | |  1.9
Unarmed Combat | |  3.4
Shapeshifting  | |  3.6

Action                     || total
---------------------------++-------
  Melee: Unarmed           ||    80
         Punch             ||     1
    Use: Scroll            ||     1
   Stab: Sleeping          ||     2
 Armour: Animal skin       ||    44
  Dodge: Dodged            ||    49

Table legend: (Time is in decaauts)
 A = Elapsed time spent in this place.
 B = Non-inter-level travel time spent in this place.
 C = Inter-level travel time spent in this place.
 D = Time resting spent in this place.
 E = Time spent auto-exploring this place.
 F = Levels seen in this place.
 G = Mean time per level.
                   A        B        C        D        E       F      G
               +--------+--------+--------+--------+--------+-----+--------+
         Total |   1209 |   1209 |      0 |    394 |    628 |   1 | 1209.0 |
       Dungeon |   1209 |   1209 |      0 |    394 |    628 |   1 | 1209.0 |
               +--------+--------+--------+--------+--------+-----+--------+

Top non-repeatable levels by time:
     D:1: 1209 daAuts
